 Dungeon Crawl Stone Soup version 0.26.0-10-g1f06aea511 (webtiles) character file.

Game seed: 808749568599853622

53592 Goblin1989 the Protected (level 14, -57/123 HPs)
             Began as a Gnoll Wanderer on Jan 16, 2021.
             Was a High Priest of Wu Jian.
             Killed from afar by a frost giant (71 damage)
             ... with a bolt of cold
             ... in an ice cave.
             The game lasted 00:41:35 (19925 turns).

Goblin1989 the Protected (Gnoll Wanderer)          Turns: 19925, Time: 00:41:36

Health: -57/123    AC: 20    Str: 23    XL:     14   Next: 69%
Magic:  36/36      EV: 18    Int: 19    God:    Wu Jian [*****.]
Gold:   857        SH: 12    Dex: 13    Spells: 32/32 levels left

rFire    + . .     SeeInvis .   B - +12 flail "Ithic" {flame, *Contam MP+9 Str+4 Dex+2}
rCold    . . .     Faith    .   S - +0 kite shield
rNeg     . . .     Spirit   .   Z - +0 plate armour
rPois    .         Reflect  .   r - +0 helmet
rElec    .         Harm     .   H - +0 cloak {rF+}
rCorr    .         Rampage  .   v - +0 pair of gloves
Will     +....                  (no boots)
Stlth    ..........             h - amulet of Vitality {Regen+ HP+15}
HPRegen  0.70/turn              w - +4 ring of evasion
MPRegen  0.25/turn              s - +4 ring of evasion

@: serpent's lash
A: distributed training, fangs 1, strong nose
a: Renounce Religion, Wall Jump, Serpent's Lash, Heavenly Storm


You were in an ice cave.
You worshipped Wu Jian.
Wu Jian was extremely pleased with you.
You visited 4 branches of the dungeon, and saw 20 of its levels.
You also visited: Ice Cave and Volcano.

You collected 1849 gold pieces.
You spent 992 gold pieces at shops.

Inventory:

Hand Weapons
 B - the +12 flail "Ithic" (weapon) {flame, *Contam MP+9 Str+4 Dex+2}
   (You bought it in a shop on level 4 of the Dungeon)

   It has been specially enchanted to burn those struck by it, causing extra
   injury to most foes and up to half again as much damage against particularly
   susceptible opponents.
   It affects your strength (+4).
   It affects your dexterity (+2).
   It affects your magic capacity (+9).
   It causes magical contamination when unequipped.
Missiles
 j - 609 stones {@Q3}
 y - 7 silver boomerangs
 C - 48 poisoned darts
 W - 21 boomerangs (quivered)
Armour
 e - a scarf of shadows
 r - a +0 helmet (worn)
 v - a +0 pair of gloves (worn)
 H - a +0 cloak of fire resistance (worn)
 S - a +0 kite shield (worn)
 Z - a +0 plate armour (worn)
Jewellery
 g - a +6 ring of intelligence {unknown}
 h - the amulet of Vitality (around neck) {Regen+ HP+15}
   (You found it on level 4 of the Dungeon)

   [amulet of regeneration]

   It affects your health (+15).
   It increases your rate of regeneration.
 l - an uncursed ring of flight
 s - a +4 ring of evasion (right hand)
 t - the amulet "Osapixat" {Spirit *Corrode rPois SInv}
   (You found it on level 2 of the Lair of Beasts)

   [amulet of guardian spirit]

   It causes incoming damage to be split between your health and magic.
   It protects you from poison.
   It lets you see invisible.
   It may corrode you when you take damage.
 w - a +4 ring of evasion (left hand)
 K - the ring of Shadows {Umbra +Inv Stlth+}
   (You found it on level 2 of the Lair of Beasts)

   [ring of stealth]

   It lets you turn invisible.
   It makes you more stealthy.
 L - an uncursed ring of willpower
Wands
 c - a wand of random effects (15)
 D - a wand of paralysis (17) {@v7}
 F - a wand of iceblast (5) {@v4}
 Q - a wand of acid (21) {@v2}
 U - a wand of digging (7) {@v1}
Scrolls
 d - 4 scrolls of fog {unknown}
 f - 4 scrolls of enchant armour {unknown}
 k - 2 scrolls of summoning {unknown}
 m - 2 scrolls of enchant weapon {unknown}
 o - 3 scrolls of noise {unknown}
 q - 10 scrolls of teleportation {unknown}
 x - 2 scrolls of vulnerability {unknown}
 A - a scroll of amnesia {unknown}
 E - 12 scrolls of remove curse {@r3}
 I - a scroll of random uselessness {unknown}
 M - 8 scrolls of magic mapping
 N - 2 scrolls of fear {unknown}
 P - 3 scrolls of blinking {unknown}
 R - 17 scrolls of identify {@r1}
 T - 2 scrolls of immolation {unknown}
 V - 3 scrolls of brand weapon {unknown}
Potions
 a - 5 potions of might {@q4}
 b - 2 potions of lignification {unknown}
 i - 4 potions of berserk rage
 n - 2 potions of heal wounds {@q2}
 p - 4 potions of ambrosia
 u - 4 potions of flight
 z - 3 potions of mutation {!q}
 G - 3 potions of curing {@q1}
 J - 2 potions of resistance
 O - 2 potions of brilliance
 X - 6 potions of attraction
 Y - 2 potions of haste {@q3,}


   Skills:
 + Level 9.4 Fighting
 + Level 9.4 Short Blades
 + Level 9.4 Long Blades
 + Level 9.4 Axes
 + Level 9.8 Maces & Flails
 + Level 9.4 Polearms
 + Level 9.4 Staves
 + Level 9.4 Slings
 + Level 9.4 Bows
 + Level 9.4 Crossbows
 + Level 9.8 Throwing
 + Level 12.3 Armour
 + Level 9.4 Dodging
 + Level 9.4 Stealth
 + Level 9.4 Shields
 + Level 9.4 Unarmed Combat
 + Level 9.8 Spellcasting
 + Level 7.9 Conjurations
 + Level 7.9 Hexes
 + Level 7.9 Summonings
 + Level 8.2 Necromancy
 + Level 7.9 Translocations
 + Level 7.9 Transmutations
 + Level 8.2 Fire Magic
 + Level 7.9 Ice Magic
 + Level 7.9 Air Magic
 + Level 7.9 Earth Magic
 + Level 7.9 Poison Magic
 + Level 10.2 Invocations
 + Level 9.8 Evocations


You had 32 spell levels left.
You didn't know any spells.
Your spell library contained the following spells:

 Spells                   Type           Power        Failure   Level
 Animate Skeleton         Necr           80%          5%          1
 Pain                     Necr           100%         5%          1
 Beastly Appendage        Tmut           78%          6%          1
 Magic Dart               Conj           100%         6%          1
 Blink                    Tloc           N/A          10%         2
 Call Imp                 Summ           39%          10%         2
 Searing Ray              Conj           78%          10%         2
 Slow                     Hex            39%          10%         2
 Wereblood                Tmut           39%          10%         2
 Vampiric Draining        Necr           20%          17%         3
 Confusing Touch          Hex            39%          19%         3
 Conjure Flame            Conj/Fire      40%          19%         3
 Dazzling Flash           Conj/Hex       78%          19%         3
 Gell's Gravitas          Tloc           19%          19%         3
 Mephitic Cloud           Conj/Pois/Air  39%          19%         3
 Spider Form              Tmut/Pois      19%          19%         3
 Static Discharge         Conj/Air       39%          19%         3
 Animate Dead             Necr           20%          50%         4
 Fulminant Prism          Conj/Hex       19%          54%         4
 Ice Form                 Ice/Tmut       39%          54%         4
 Iskenderun's Mystic Bla  Conj/Tloc      39%          54%         4
 Petrify                  Tmut/Erth      39%          54%         4
 Agony                    Necr           40%          83%         5
 Blade Hands              Tmut           19%          87%         5
 Lightning Bolt           Conj/Air       19%          87%         5
 Metabolic Englaciation   Hex/Ice        19%          87%         5
 Yara's Violent Unravell  Hex/Tmut       19%          87%         5
 Ignition                 Fire           20%          100%        8
 Shatter                  Erth           19%          100%        9
 Tornado                  Air            19%          100%        9


Dungeon Overview and Level Annotations

Branches:
Dungeon (12/15)            Temple (1/1) D:7            Lair (6/6) D:11
 Shoals (0/4) Lair:4       Spider (0/4) Lair:4        Slime (0/5) Lair:5
    Orc (1/2) D:11          IceCv (1/1)             Volcano (visited)

Altars:
Ashenzari
Cheibriados
Dithmenos
Fedhas
Gozag
Hepliaklqana
Kikubaaqudgha
Sif Muna
Trog
Wu Jian
Xom
Yredelemnul
Zin
The Shining One
Beogh

Shops:
D:4 (   D:8 (

Annotations:
D:7 1 runed translucent door, Dracia's ghost, novice DsVM
D:9 exclusions: obsidian statue and orange crystal statue
D:10 Harold
Lair:1 3 runed translucent doors, Caczuus's ghost, novice SpEE; Roekhomp's ghost, novice TeFE; Vew Pil's ghost, journeyman DrTm; Vivvybb's ghost, journeyman MiBe
Lair:3 2 transporters, Ceyvaan's ghost, journeyman DEFE
Lair:5 2 transporters, 3 runed translucent doors, Adireryl's ghost, journeyman HOFi


Innate Abilities, Weirdness & Mutations

Your experience applies equally to all skills.
You have very sharp teeth.
Your uncanny sense of smell can sniff out nearby items.


Message History

The Council accepts your kill.
The polar bear growls angrily.
The death yak gores you but does no damage.
Things that are here:
a yak corpse; a polar bear corpse Your muscles tense, ready for explosive movement...
Unknown command.
You sock the death yak! You burn the death yak. You bite the death yak.
The death yak is moderately wounded.
The death yak gores you!
You take 8 damage, and have 115/123 hp.
You hit the death yak. You burn the death yak.
You bite the death yak, but do no damage.
The death yak is moderately wounded.
The death yak misses you.
You hit the death yak but do no damage. Your bite misses the death yak.
The death yak is moderately wounded.
The death yak completely misses you.
You bludgeon the death yak!! You burn the death yak!
You bite the death yak, but do no damage.
The death yak is severely wounded.
The death yak gores you but does no damage.
You thump the death yak! You burn the death yak.
The death yak is almost dead.
The death yak closely misses you.
You hit the death yak. You burn the death yak.
You kill the death yak!
The Council accepts your kill. The frost giant casts a spell at you.
The bolt of cold hits the polar bear!!
The polar bear resists.
The bolt of cold hits you!!!
You barely miss the polar bear.
The polar bear is heavily wounded.
The polar bear bites you but does no damage.
The polar bear misses you. You block the polar bear's attack.
You take 39 damage, and have 78/123 hp.
MASSIVE DAMAGE!!
You hit the polar bear but do no damage.
The polar bear is heavily wounded.
The polar bear misses you. You block the polar bear's attack.
The polar bear misses you.
You barely miss the polar bear.
The polar bear is heavily wounded.
You sock the frost giant! You burn the frost giant.
You bite the frost giant, but do no damage.
The frost giant is lightly wounded.
You thump the frost giant! You burn the frost giant.
The frost giant is moderately wounded.
You block the frost giant's attack.
You hit the frost giant. You burn the frost giant.
The frost giant is moderately wounded.
You block the frost giant's attack.
You hit the frost giant. You burn the frost giant.
The frost giant is moderately wounded.
You sock the frost giant! You burn the frost giant.
The frost giant is moderately wounded.
The frost giant points at you and mumbles some strange words.
The bolt of cold misses you.
You hit the frost giant. You burn the frost giant.
The frost giant is heavily wounded.
The frost giant hits you with a +0 battleaxe of freezing.
The frost giant freezes you.
You take 3 damage, and have 80/123 hp.
You sock the frost giant! You burn the frost giant.
The frost giant is heavily wounded.
The frost giant points at you and mumbles some strange words.
The bolt of cold hits you!!
You take 24 damage, and have 56/123 hp.
You are too injured to fight recklessly!
You are too injured to fight recklessly!
You are too injured to fight recklessly!
You are too injured to fight recklessly!
You are too injured to fight recklessly!
You are too injured to fight recklessly!
You are too injured to fight recklessly!
You are too injured to fight recklessly!
You are too injured to fight recklessly!
You are too injured to fight recklessly!
You are too injured to fight recklessly!
You are too injured to fight recklessly!
You are too injured to fight recklessly!
You are too injured to fight recklessly!
You are too injured to fight recklessly!
You are too injured to fight recklessly!
You are too injured to fight recklessly!
You are too injured to fight recklessly!
You are too injured to fight recklessly!
You are too injured to fight recklessly!
You are too injured to fight recklessly!
You thump the frost giant! You burn the frost giant.
The frost giant is severely wounded.
The frost giant points at you and mumbles some strange words.
The bolt of cold hits you!!!
* * * LOW HITPOINT WARNING * * *
You take 43 damage, and have 13/123 hp.
MASSIVE DAMAGE!!
You bludgeon the frost giant!! You burn the frost giant.
The frost giant is almost dead.
The frost giant gestures at you while chanting.
The bolt of cold hits you!!!
Ouch! That really hurt!
You die...

∆ ≈≈≈≈≈≈≈
█≈≈█≈≈ █
█████≈≈≈ █.
███...██≈≈
...
██..██..≈█≈
...Y
█..█████.≈≈


█.hhh ████████..█ ████ █Yhh██...██...█..█∆ █hC@██...███████ ∆ ██████████ You
could see a frost giant, 6 polar bears and 2 yaks.

Vanquished Creatures
  Fannar (Lair:3)
  A boulder beetle (Lair:6)
  7 hydras
  2 catoblepae
  7 death yaks
  A sea snake (Lair:6)
  13 elephants
  A wolf spider (Lair:4)
  2 centaur zombies (D:11)
  7 black mambas
  Maurice (D:11)
  A molten gargoyle (Volcano)
  A centaur skeleton (D:11)
  3 gargoyles (Volcano)
  18 cane toads
  4 rime drakes
  11 komodo dragons
  A troll (D:9)
  11 polar bears
  A jumping spider (Lair:4)
  A wind drake (Lair:6)
  A snapping turtle (Lair:4)
  20 blink frogs
  A dream sheep (Lair:3)
  3 redbacks (Lair:4)
  Sigmund (D:5)
  2 wyverns
  3 wraiths (D:8)
  27 yaks
  2 basilisks
  Grum (D:10)
  A warg (Orc:1)
  14 water moccasins
  A black bear (D:4)
  An ice beast (D:11)
  A hornet zombie (D:10)
  2 phantoms
  8 orc warriors
  2 sky beasts
  9 ogres
  2 necrophages (D:8)
  37 wolves
  5 centaurs
  9 bullfrogs
  3 big kobolds
  An elf skeleton (D:8)
  2 scorpions
  A water moccasin skeleton (D:4)
  8 killer bees
  2 electric eels (D:10)
  8 wights
  2 human zombies (D:8)
  A bullfrog zombie (D:9)
  7 orc priests
  A gnoll shaman (D:9)
  A hound (D:8)
  2 jellies
  10 orc wizards
  Jessica (D:2)
  A human skeleton (D:8)
  3 hell rats (D:11)
  Natasha (thrice) (D:4)
  2 iguanas (D:4)
  6 worker ants
  An ogre zombie (D:8)
  A hound skeleton (D:6)
  A mummy (D:8)
  A worker ant zombie (D:9)
  3 gnolls (D:9)
  18 adders
  2 white imps
  2 ufetubi (D:7)
  2 oozes
  An adder zombie (D:6)
  An adder skeleton (D:7)
  5 worms
  2 leopard geckos (D:6)
  60 orcs
  3 ball pythons
  3 giant cockroaches
  16 goblins
  2 hobgoblins
  9 jackals
  10 quokkas
  8 bats
  4 frilled lizards
  A jackal zombie (D:7)
  18 kobolds
  A quokka skeleton (D:5)
  2 quokka zombies
  10 rats
500 creatures vanquished.

Vanquished Creatures (others)
  11 fungi
  29 plants
  2 withered plants (D:7)
42 creatures vanquished.

Grand Total: 542 creatures vanquished

Notes
Turn   | Place    | Note
-------+----------+-------------------------------------------
     0 | D:1      | Goblin1989 the Gnoll Wanderer began the quest for the Orb.
     0 | D:1      | Goblin1989 set off with the following items: a +0 hand axe,
                  | a +2 scale mail, a wand of random effects (15)
     0 | D:1      | Reached XP level 1. HP: 13/13 MP: 4/4
   133 | D:1      | Reached XP level 2. HP: 12/19 MP: 5/5
   919 | D:1      | Reached XP level 3. HP: 25/25 MP: 7/7
  1578 | D:2      | Reached skill level 1 in Invocations
  1821 | D:2      | Reached skill level 1 in Fighting
  1821 | D:2      | Reached skill level 1 in Short Blades
  1821 | D:2      | Reached skill level 1 in Long Blades
  1821 | D:2      | Reached skill level 1 in Axes
  1821 | D:2      | Reached skill level 1 in Polearms
  1821 | D:2      | Reached skill level 1 in Staves
  1821 | D:2      | Reached skill level 1 in Slings
  1821 | D:2      | Reached skill level 1 in Bows
  1821 | D:2      | Reached skill level 1 in Crossbows
  1821 | D:2      | Reached skill level 1 in Dodging
  1821 | D:2      | Reached skill level 1 in Stealth
  1821 | D:2      | Reached skill level 1 in Shields
  1821 | D:2      | Reached skill level 1 in Unarmed Combat
  2209 | D:2      | Reached XP level 4. HP: 18/32 MP: 8/8
  2657 | D:2      | Noticed Jessica
  2669 | D:2      | Killed Jessica
  2670 | D:2      | Reached skill level 1 in Conjurations
  2670 | D:2      | Reached skill level 1 in Hexes
  2670 | D:2      | Reached skill level 1 in Summonings
  2670 | D:2      | Reached skill level 1 in Translocations
  2670 | D:2      | Reached skill level 1 in Transmutations
  2670 | D:2      | Reached skill level 1 in Ice Magic
  2670 | D:2      | Reached skill level 1 in Air Magic
  2670 | D:2      | Reached skill level 1 in Earth Magic
  2670 | D:2      | Reached skill level 1 in Poison Magic
  2936 | D:2      | Reached XP level 5. HP: 33/37 MP: 9/9
  4296 | D:4      | Noticed an ogre
  4304 | D:4      | Killed an ogre
  4305 | D:4      | Reached XP level 6. HP: 44/44 MP: 9/11
  4460 | D:4      | Found Joibein's Weapon Emporium.
  4461 | D:4      | Found the amulet of Vitality {Regen+ HP+15}
  4474 | D:4      | Noticed a black bear
  4498 | D:4      | Killed a black bear
  4499 | D:4      | Reached XP level 7. HP: 23/50 MP: 12/12
  4892 | D:4      | Found a glowing golden altar of the Shining One.
  5019 | D:4      | Noticed Natasha
  5030 | D:4      | Killed Natasha
  5138 | D:4      | Reached skill level 9 in Armour
  5186 | D:4      | Noticed Natasha
  5218 | D:4      | Killed Natasha
  5473 | D:5      | Entered Level 5 of the Dungeon
  5518 | D:5      | Reached XP level 8. HP: 57/57 MP: 14/14
  5570 | D:5      | Noticed Sigmund
  5586 | D:5      | Killed Sigmund
  6757 | D:6      | Reached XP level 9. HP: 65/65 MP: 16/16
  7020 | D:7      | Reached skill level 5 in Spellcasting
  7316 | D:7      | Reached skill level 5 in Maces & Flails
  7316 | D:7      | Reached skill level 5 in Throwing
  7316 | D:7      | Reached skill level 5 in Evocations
  7460 | D:7      | Found a runed translucent door.
  7461 | D:7      | Noticed Dracia's ghost (novice DsVM)
  7563 | D:7      | Found a staircase to the Ecumenical Temple.
  7572 | Temple   | Entered the Ecumenical Temple
  7609 | Temple   | Became a worshipper of the Wu Jian Council
  7991 | D:8      | Found Pynyilli's Weapon Shop.
  8051 | D:8      | Reached skill level 5 in Invocations
  8857 | D:8      | Reached XP level 10. HP: 73/73 MP: 18/18
  8974 | D:8      | Reached skill level 5 in Fighting
  8974 | D:8      | Reached skill level 5 in Short Blades
  8974 | D:8      | Reached skill level 5 in Long Blades
  8974 | D:8      | Reached skill level 5 in Axes
  8974 | D:8      | Reached skill level 5 in Polearms
  8974 | D:8      | Reached skill level 5 in Staves
  8974 | D:8      | Reached skill level 5 in Slings
  8974 | D:8      | Reached skill level 5 in Bows
  8974 | D:8      | Reached skill level 5 in Crossbows
  8974 | D:8      | Reached skill level 5 in Dodging
  8974 | D:8      | Reached skill level 5 in Stealth
  8974 | D:8      | Reached skill level 5 in Shields
  8974 | D:8      | Reached skill level 5 in Unarmed Combat
  9033 | D:8      | Found an ancient bone altar of Kikubaaqudgha.
  9068 | D:8      | Reached * piety under Wu Jian
  9256 | D:9      | Reached skill level 10 in Armour
  9624 | D:9      | Noticed an orange crystal statue
 10105 | D:9      | Noticed an obsidian statue
 10343 | D:10     | Entered Level 10 of the Dungeon
 10535 | D:10     | Reached skill level 5 in Necromancy
 10535 | D:10     | Reached skill level 5 in Fire Magic
 10674 | D:10     | Noticed Grum
 10749 | D:10     | Killed Grum
 10912 | D:10     | Noticed Harold
 11132 | D:11     | Reached ** piety under Wu Jian
 11182 | D:11     | Found a blossoming altar of Fedhas.
 11223 | D:11     | Found a staircase to the Orcish Mines.
 11275 | D:11     | Noticed a death yak
 11275 | D:11     | Noticed a death yak
 11322 | D:11     | Killed a death yak
 11323 | D:11     | Reached XP level 11. HP: 31/81 MP: 20/20
 11428 | Orc:1    | Entered Level 1 of the Orcish Mines
 11758 | D:11     | Reached skill level 5 in Conjurations
 11758 | D:11     | Reached skill level 5 in Hexes
 11758 | D:11     | Reached skill level 5 in Summonings
 11758 | D:11     | Reached skill level 5 in Translocations
 11758 | D:11     | Reached skill level 5 in Transmutations
 11758 | D:11     | Reached skill level 5 in Ice Magic
 11758 | D:11     | Reached skill level 5 in Air Magic
 11758 | D:11     | Reached skill level 5 in Earth Magic
 11758 | D:11     | Reached skill level 5 in Poison Magic
 12086 | Orc:1    | Found a roughly hewn altar of Beogh.
 12400 | D:4      | Noticed Natasha
 12410 | D:4      | Killed Natasha
 12429 | D:4      | Bought the +12 flail "Ithic" {flame, *Contam MP+9 Str+4
                  | Dex+2} for 992 gold pieces
 12584 | D:11     | Noticed a death yak
 12597 | D:10     | Reached *** piety under Wu Jian
 12619 | D:10     | Killed a death yak
 12631 | D:10     | Killed a death yak
 12781 | D:11     | Noticed Maurice
 12956 | D:11     | Found a staircase to the Lair.
 13023 | D:11     | Killed Maurice
 13218 | D:11     | Found a blossoming altar of Fedhas.
 13292 | Lair:1   | Entered Level 1 of the Lair of Beasts
 13458 | Lair:1   | Found a runed translucent gate.
 13459 | Lair:1   | Found a runed translucent gate.
 13460 | Lair:1   | Found a runed translucent gate.
 13462 | Lair:1   | Noticed Vew Pil's ghost (journeyman DrTm)
 13462 | Lair:1   | Noticed Vivvybb's ghost (journeyman MiBe)
 13462 | Lair:1   | Noticed Roekhomp's ghost (novice TeFE)
 13462 | Lair:1   | Noticed Vivvybb's ghost (journeyman MiBe)
 13462 | Lair:1   | Noticed Caczuus's ghost (novice SpEE)
 13690 | Lair:1   | Reached XP level 12. HP: 89/89 MP: 23/23
 13798 | Lair:1   | Noticed a seven-headed hydra
 13805 | Lair:1   | Killed a seven-headed hydra
 14108 | Lair:2   | Reached skill level 11 in Armour
 14111 | Lair:2   | Reached **** piety under Wu Jian
 14198 | Lair:2   | Got a fine lead amulet
 14209 | Lair:2   | Found the ring of Shadows {Umbra +Inv Stlth+}
 14228 | Lair:2   | Identified the amulet "Osapixat" {Spirit *Corrode rPois
                  | SInv} (You found it on level 2 of the Lair of Beasts)
 15077 | Lair:3   | Got an encrusted spear
 15119 | Lair:3   | Found a dark tunnel.
 15135 | Volcano  | Entered a volcano
 15445 | Lair:3   | Noticed Fannar
 15457 | Lair:3   | Killed Fannar
 15540 | Lair:3   | Noticed a catoblepas
 15550 | Lair:3   | Killed a catoblepas
 15596 | Lair:3   | Reached XP level 13. HP: 74/98 MP: 25/25
 16099 | Lair:3   | Found a transporter.
 16102 | Lair:3   | Noticed Ceyvaan's ghost (journeyman DEFE)
 16524 | Lair:3   | Found a transporter.
 16963 | Lair:4   | Found a hole to the Spider Nest.
 17428 | Lair:4   | Found a staircase to the Shoals.
 17991 | Lair:5   | Reached XP level 14. HP: 106/106 MP: 27/27
 18043 | Lair:5   | Reached ***** piety under Wu Jian
 18044 | Lair:5   | Reached skill level 12 in Armour
 18362 | Lair:5   | Found a transporter.
 18504 | Lair:5   | Found a runed translucent gate.
 18504 | Lair:5   | Found a runed translucent gate.
 18505 | Lair:5   | Found a runed translucent gate.
 18505 | Lair:5   | Noticed Adireryl's ghost (journeyman HOFi)
 18610 | Lair:5   | Found a transporter.
 18914 | Lair:5   | Found a staircase to the Slime Pits.
 19203 | Lair:6   | Entered Level 6 of the Lair of Beasts
 19203 | Lair:6   | Found a frozen archway.
 19239 | Lair:6   | Reached skill level 10 in Invocations
 19259 | IceCv    | Entered an ice cave
 19900 | IceCv    | Noticed a frost giant
 19925 | IceCv    | Killed from afar by a frost giant

Illustrated notes

Levels and vault maps discovered:
D:1:      kilobyte_arrival_exit_the_forest, layout_basic
D:2:      layout_basic, st_stairs_5, uniq_jessica
D:3:      layout_loops_cross, grunt_decor_fettered
D:4:      layout_loops_ring, serial_shops, nicolae_shop_waterfront,
          tso_metal_star, uniq_natasha
D:5:      kennysheep_six_static_rooms, layout_loops_ring, uniq_sigmund
D:6:      layout_rooms
D:7:      layout_gridville, minmay_temple_entry_ruins, gammafunk_ghost_grave,
          grunt_ministairs_15
D:8:      layout_cave_pods, lemuel_mausoleum_altar_kikubaaqudgha, serial_shops,
          nicolae_shop_waterfront
D:9:      minmay_separated_statues, layout_long_grid
D:10:     layout_basic, uniq_harold, uniq_erolcha, uniq_grum
D:11:     layout_cross, dpeg_lair_monsters, orc_0_dummy, basic_altar,
          fedhas_altar_4, uniq_maurice
D:12:     layout_gridville, columned_hall_lemuel,
          chequers_serial_rivers_micro_a, nicolae_qazlal_eye_of_the_storm
Temple:   regret_index_temple_sigil_plot
Lair:1:   layout_long_grid, gammafunk_ghost_cemetery, infiniplex_staircase_pool,
          lemuel_fruit_fields, grunt_megastairs_2, serial_bayou_shore_a
Lair:2:   layout_regular_city
Lair:3:   layout_layer_cave, nicolae_volcano_entry_s_turn,
          gammafunk_ghost_berserking_beasts, cheibrodos_lair_caveside_slide,
          nzn_random_ring, uniq_fannar
Lair:4:   layout_small_grid, minmay_shoals_entry_hut,
          spider_nest_entry_funnel_web, beast_lair_carwin_11
Lair:5:   gammafunk_cloud_chamber, layout_loops_ring, dpeg_slime_entry_corner,
          ebering_ghost_rock_garden
Lair:6:   gammafunk_lair_ancient_temple, layout_regular_city,
          portal_ice_cave_entry_pillars_2, lemuel_fruit_fields
Orc:1:    layout_caves, mines2_david
IceCv:    ice_cave_caverns_03

Skill      XL: |  1  2  3  4  5  6  7  8  9 10 11 12 13 14 |
---------------+-------------------------------------------+-----
Necromancy     | 2 3 4 5 6 7 8 |  8.2
Fire Magic     | 2 3 4 5 6 7 8 |  8.2
Invocations    | 1 2 3 4 5 6 7 8 9 10 | 10.2
Fighting       | 1 2 3 4 5 6 7 8 9 |  9.4
Short Blades   | 1 2 3 4 5 6 7 8 9 |  9.4
Long Blades    | 1 2 3 4 5 6 7 8 9 |  9.4
Axes           | 1 2 3 4 5 6 7 8 9 |  9.4
Polearms       | 1 2 3 4 5 6 7 8 9 |  9.4
Staves         | 1 2 3 4 5 6 7 8 9 |  9.4
Slings         | 1 2 3 4 5 6 7 8 9 |  9.4
Bows           | 1 2 3 4 5 6 7 8 9 |  9.4
Crossbows      | 1 2 3 4 5 6 7 8 9 |  9.4
Dodging        | 1 2 3 4 5 6 7 8 9 |  9.4
Stealth        | 1 2 3 4 5 6 7 8 9 |  9.4
Shields        | 1 2 3 4 5 6 7 8 9 |  9.4
Unarmed Combat | 1 2 3 4 5 6 7 8 9 |  9.4
Spellcasting   | 3 4 5 6 7 8 9 |  9.8
Conjurations   | 1 2 3 4 5 6 7 |  7.9
Hexes          | 1 2 3 4 5 6 7 |  7.9
Summonings     | 1 2 3 4 5 6 7 |  7.9
Translocations | 1 2 3 4 5 6 7 |  7.9
Transmutations | 1 2 3 4 5 6 7 |  7.9
Ice Magic      | 1 2 3 4 5 6 7 |  7.9
Air Magic      | 1 2 3 4 5 6 7 |  7.9
Earth Magic    | 1 2 3 4 5 6 7 |  7.9
Poison Magic   | 1 2 3 4 5 6 7 |  7.9
Maces & Flails | 3 4 5 6 7 8 9 |  9.8
Throwing       | 3 4 5 6 7 8 9 |  9.8
Evocations     | 3 4 5 6 7 8 9 |  9.8
Armour         | 9 10 11 12 | 12.3

Action                   |  1- 3 |  4- 6 |  7- 9 | 10-12 | 13-15 || total
-------------------------+-------+-------+-------+-------+-------++-------
Melee: Hand axe          |   150 |   122 |       |       |       ||   272
       Bite              |    10 |    13 |    61 |   125 |    87 ||   296
       Quarterstaff      |       |    60 |   655 |   635 |       ||  1350
       Flail             |       |       |       |   342 |   599 ||   941
Throw: Boomerang         |       |       |       |     5 |    13 ||    18
Invok: Lunge             |       |       |     4 |    29 |    18 ||    51
       Whirlwind         |       |       |       |    13 |     2 ||    15
       Serpent's Lash    |       |       |       |     2 |     5 ||     7
Evoke: Wand              |       |       |     3 |     7 |       ||    10
  Use: Potion            |       |       |     2 |     1 |     1 ||     4
       Scroll            |       |       |       |    12 |       ||    12
 Stab: Paralysed         |       |       |    12 |    13 |       ||    25
       Sleeping          |       |       |       |     2 |       ||     2
Armor: Scale mail        |    88 |   118 |   304 |   188 |       ||   698
       Plate armour      |       |       |       |   146 |   209 ||   355
Dodge: Dodged            |    91 |   128 |   592 |   919 |   531 ||  2261
Block: Kite shield       |       |       |       |   228 |   408 ||   636
